 Dungeon Crawl Stone Soup version 0.26-a0-665-gefeb406119 (webtiles) character file.

Game seed: 246602062130356968

10231 Gargoyl the Fighter (level 11, -15/89 HPs)
             Began as a Gnoll Abyssal Knight on Oct 13, 2020.
             Was a Priest of Lugonu.
             Killed from afar by an ice statue (28 damage)
             ... with a shard of ice
             ... in an ice cave on Oct 14, 2020.
             The game lasted 00:16:51 (13991 turns).

Gargoyl the Fighter (Gnoll Abyssal Knight)         Turns: 13991, Time: 00:16:51

Health: -15/89     AC: 12    Str: 23    XL:     11   Next: 58%
Magic:  29/29      EV: 15    Int: 16    God:    Lugonu [***...]
Gold:   136        SH:  0    Dex: 14    Spells: 22/22 levels left

rFire    x . .     SeeInvis +   d - +9 hand axe
rCold    + . .     Faith    .   (no shield)
rNeg     . . .     Spirit   .   B - +0 ring mail of Gozag {rElec rF- rC+ Str+6}
rPois    .         Reflect  .   M - +0 helmet
rElec    +         Harm     .   H - +0 cloak
rCorr    .         Rampage  .   e - +2 pair of gloves
MR       .....                  (no boots)
Stlth    +++.......             o - amulet of the acrobat
HPRegen  0.24/turn              G - ring of magical power
MPRegen  0.21/turn              b - ring of see invisible

@: no status effects
A: distributed training, fangs 1, strong nose
a: Depart the Abyss, Bend Space, Banish, Renounce Religion


You were in an ice cave.
You worshipped Lugonu.
Lugonu was most pleased with you.
You visited 1 branch of the dungeon, and saw 11 of its levels.
You visited the Abyss 1 time.
You also visited: Ossuary and Ice Cave.

You collected 737 gold pieces.
You spent 601 gold pieces at shops.

Inventory:

Hand Weapons
 a - a +3 hand axe
 d - a +9 hand axe (weapon)
 N - the cursed +2 scimitar of Premature Burial {holy, rPois Str+4 Int+3}
   (You bought it in a shop on level 10 of the Dungeon)

   It has been blessed by the Shining One to cause great damage to the undead
   and demons.
   It affects your strength (+4).
   It affects your intelligence (+3).
   It protects you from poison.
   It has a curse placed upon it.
Missiles
 g - 51 poisoned darts (quivered)
Armour
 e - a +2 pair of gloves (worn)
 u - a +3 ring mail of fire resistance
 B - the +0 ring mail of Gozag (worn) {rElec rF- rC+ Str+6}
   (You found it on level 7 of the Dungeon)

   It affects your strength (+6).
   It makes you vulnerable to fire.
   It protects you from cold.
   It insulates you from electricity.
 H - a +0 cloak (worn)
 M - a +0 helmet (worn)
Jewellery
 b - a ring of see invisible (right hand)
 i - a +6 ring of strength {unknown}
 o - an amulet of the acrobat (around neck)
 C - an uncursed amulet of regeneration {unknown}
 G - a ring of magical power (left hand)
 J - an uncursed ring of wizardry {unknown}
Wands
 c - a wand of acid (12)
 k - a wand of polymorph (19)
 t - a wand of random effects (19)
 F - a wand of paralysis (4)
Scrolls
 m - 2 scrolls of magic mapping
 s - 2 scrolls of identify
 w - 5 scrolls of remove curse
 x - 2 scrolls of immolation
 y - a scroll of fog
 D - 3 scrolls of teleportation
 E - a scroll of blinking
 I - a scroll of enchant armour
Potions
 f - 8 potions of curing
 h - 5 potions of might
 j - 2 potions of magic
 l - 4 potions of stabbing
 n - a potion of berserk rage {unknown}
 p - 5 potions of mutation {unknown}
 q - 6 potions of degeneration {unknown}
 r - 2 potions of heal wounds
 v - a potion of flight {unknown}
 z - a potion of lignification {unknown}
 A - a potion of cancellation {unknown}


   Skills:
 + Level 9.2 Fighting
 + Level 6.4 Short Blades
 + Level 6.4 Long Blades
 + Level 8.0 Axes
 + Level 6.4 Maces & Flails
 + Level 6.4 Polearms
 + Level 6.4 Staves
 + Level 6.4 Slings
 + Level 6.4 Bows
 + Level 6.4 Crossbows
 + Level 6.4 Throwing
 + Level 8.0 Armour
 + Level 7.0 Dodging
 + Level 6.4 Stealth
 + Level 6.4 Shields
 + Level 6.4 Unarmed Combat
 + Level 6.4 Spellcasting
 + Level 5.3 Conjurations
 + Level 5.3 Hexes
 + Level 5.3 Summonings
 + Level 5.3 Necromancy
 + Level 5.3 Translocations
 + Level 5.3 Transmutations
 + Level 5.3 Fire Magic
 + Level 5.3 Ice Magic
 + Level 5.3 Air Magic
 + Level 5.3 Earth Magic
 + Level 5.3 Poison Magic
 + Level 8.5 Invocations
 + Level 6.4 Evocations


You had 22 spell levels left.
You didn't know any spells.
Your spell library contained the following spells:

 Spells                   Type           Power        Failure   Level
 Freeze                   Ice            ###.         2%          1
 Sting                    Tmut/Pois      ###.         2%          1
 Poisonous Vapours        Pois/Air       ###...       3%          2
 Frozen Ramparts          Ice            ###...       6%          3
 Ignite Poison            Fire/Tmut/Pois ###.....     6%          3
 Mephitic Cloud           Conj/Pois/Air  ###.....     6%          3
 Ozocubu's Armour         Ice            ###.....     6%          3
 Hailstorm                Conj/Ice       ###.....     22%         4
 Olgreb's Toxic Radiance  Pois           ###.....     22%         4
 Summon Ice Beast         Ice/Summ       ###.....     22%         4


Dungeon Overview and Level Annotations

Branches:
Dungeon (11/15)            Temple (0/1) D:7            Lair (0/6) D:11
    Orc (0/2) D:11        Ossuary (visited)           IceCv (1/1)

Altars:
Qazlal
Sif Muna
Xom
Yredelemnul
The Shining One

Shops:
D:10 (

Annotations:
IceCv exclusion: ice statue


Innate Abilities, Weirdness & Mutations

Your experience applies equally to all skills.
You have very sharp teeth.
Your uncanny sense of smell can sniff out nearby items.


Message History

* * * LOW HITPOINT WARNING * * *
The ice beast hits you but does no damage.
The ice beast barely misses you.
You hit the ice statue.
The ice statue is almost destroyed.
You hit the ice beast.
You slash the ice beast! x2; The ice beast misses you.
The ice beast hits you but does no damage.
The ice statue gestures at you. The bolt of cold misses you.
The bolt of cold hits the ice beast.
The ice beast completely resists.
The ice beast hits you.
* * * LOW HITPOINT WARNING * * *
The ice beast freezes you. You resist.
* * * LOW HITPOINT WARNING * * *
You hit the ice statue.
The ice statue is almost destroyed.
You hit the ice beast. You hit the ice beast but do no damage.
You barely miss the ice beast. The ice beast closely misses you. x2
The ice statue gestures at you. The shard of ice hits you!!
You partially resist.
You die...

######## ##....#.##
##..##....#####
#..####..##∩..##
#Y.###..####..∩#
#@Y.##..# #....#
#Y8.##...####...#
#...####..÷####..##
###.# ###...##...#
.#= ##...##..# . #
##......# #
###...## #####


You could see an ice statue and 3 ice beasts.

Vanquished Creatures
  Gastronok (D:8)
  Harold (D:8)
  A two-headed ogre (D:7)
  Pikel (D:8)
  A centaur zombie (D:10)
  Joseph (D:10)
  Psyche (D:8)
  2 rime drakes (D:11)
  A polar bear (IceCv)
  A hornet (D:8)
  5 yaks
  A wraith (D:11)
  2 orc warriors
  A phantom (D:7)
  3 black bears
  An ice beast (D:7)
  2 sky beasts
  A necrophage (D:8)
  3 ogres
  3 wolves (IceCv)
  2 centaurs
  4 bullfrogs
  A wyvern skeleton (D:9)
  3 scorpions
  3 wights (D:6)
  2 howler monkeys
  2 quasits
  3 bullfrog skeletons
  A human zombie (Ossuary)
  3 jellies
  3 centaur skeletons
  A gnoll shaman (D:7)
  2 hounds
  An orc priest (D:10)
  13 orc wizards
  Jessica (D:3)
  5 iguanas
  3 worker ants
  2 big kobold zombies (Ossuary)
  2 hound skeletons
  4 mummies (Ossuary)
  8 gnolls
  5 adders
  A shadow imp (D:5)
  3 white imps
  2 oozes
  5 adder skeletons
  3 worms
  7 leopard geckos
  40 orcs
  3 bats
  5 giant cockroaches
  2 goblins
  5 hobgoblins
  13 jackals
  3 quokkas
  3 frilled lizards
  A gnoll zombie (Ossuary)
  A goblin zombie (Ossuary)
  A hobgoblin zombie (Ossuary)
  9 kobolds
  2 kobold zombies (Ossuary)
  A leopard gecko zombie (D:7)
  4 rats
221 creatures vanquished.

Notes
Turn   | Place    | Note
-------+----------+-------------------------------------------
     0 | Abyss:1  | Gargoyl the Gnoll Abyssal Knight began the quest for the
                  | Orb.
     0 | Abyss:1  | Reached XP level 1. HP: 23/23 MP: 3/3
    90 | Abyss:1  | Noticed a neqoxec
    92 | D:1      | Escaped the Abyss
   281 | D:1      | Reached * piety under Lugonu
   281 | D:1      | Reached XP level 2. HP: 29/29 MP: 5/5
   851 | D:2      | Reached XP level 3. HP: 33/35 MP: 6/6
  1472 | D:2      | Reached skill level 1 in Short Blades
  1472 | D:2      | Reached skill level 1 in Long Blades
  1472 | D:2      | Reached skill level 1 in Maces & Flails
  1472 | D:2      | Reached skill level 1 in Polearms
  1472 | D:2      | Reached skill level 1 in Staves
  1472 | D:2      | Reached skill level 1 in Slings
  1472 | D:2      | Reached skill level 1 in Bows
  1472 | D:2      | Reached skill level 1 in Crossbows
  1472 | D:2      | Reached skill level 1 in Throwing
  1472 | D:2      | Reached skill level 1 in Stealth
  1472 | D:2      | Reached skill level 1 in Shields
  1472 | D:2      | Reached skill level 1 in Unarmed Combat
  1472 | D:2      | Reached skill level 1 in Spellcasting
  1472 | D:2      | Reached skill level 1 in Evocations
  1630 | D:3      | Reached XP level 4. HP: 36/41 MP: 7/7
  2116 | D:3      | Found a stormy altar of Qazlal.
  2220 | D:3      | Reached skill level 1 in Conjurations
  2220 | D:3      | Reached skill level 1 in Hexes
  2220 | D:3      | Reached skill level 1 in Summonings
  2220 | D:3      | Reached skill level 1 in Necromancy
  2220 | D:3      | Reached skill level 1 in Translocations
  2220 | D:3      | Reached skill level 1 in Transmutations
  2220 | D:3      | Reached skill level 1 in Fire Magic
  2220 | D:3      | Reached skill level 1 in Ice Magic
  2220 | D:3      | Reached skill level 1 in Air Magic
  2220 | D:3      | Reached skill level 1 in Earth Magic
  2220 | D:3      | Reached skill level 1 in Poison Magic
  2302 | D:3      | Noticed Jessica
  2320 | D:3      | Killed Jessica
  2320 | D:3      | Reached ** piety under Lugonu
  2611 | D:3      | Reached XP level 5. HP: 47/47 MP: 8/8
  3285 | D:4      | Got a bloodstained leather armour
  3296 | D:4      | Identified the +1 leather armour of the Shoals {Rampage
                  | Int+4} (You found it on level 4 of the Dungeon)
  3711 | D:5      | Entered Level 5 of the Dungeon
  3778 | D:5      | Found a glowing golden altar of the Shining One.
  3778 | D:5      | Found a shimmering blue altar of Sif Muna.
  3779 | D:5      | Found a basalt altar of Yredelemnul.
  3809 | D:5      | Reached skill level 5 in Invocations
  3809 | D:5      | Reached XP level 6. HP: 35/53 MP: 9/9
  4284 | D:5      | Reached skill level 5 in Axes
  4284 | D:5      | Reached skill level 5 in Armour
  4304 | D:5      | HP: 2/53 [poisoned by a scorpion]
  4311 | D:5      | HP: 2/53 [poisoned by a scorpion]
  4319 | D:5      | HP: 1/53 [poisoned by a scorpion]
  5197 | D:5      | Reached XP level 7. HP: 41/59 MP: 10/10
  5738 | D:6      | Reached skill level 7 in Fighting
  6132 | D:6      | Reached XP level 8. HP: 41/67 MP: 12/12
  6142 | D:6      | Reached *** piety under Lugonu
  6922 | D:7      | Found a sand-covered staircase.
  6935 | Ossuary  | Entered an ossuary
  7630 | D:7      | Found a staircase to the Ecumenical Temple.
  7726 | D:7      | Reached XP level 9. HP: 58/73 MP: 14/14
  7855 | D:7      | Upgraded the game from 0.26-a0-664-gc8b27b8fc1 to
                  | 0.26-a0-665-gefeb406119
  8260 | D:7      | Got a shimmering ring mail
  8271 | D:7      | Identified the cursed +0 ring mail of Gozag {rElec rF- rC+
                  | Str+6} (You found it on level 7 of the Dungeon)
  8304 | D:8      | Noticed a hornet
  8314 | D:8      | Noticed Pikel
  8332 | D:8      | Killed a hornet
  8343 | D:8      | Killed Pikel
  8343 | D:8      | Reached skill level 8 in Fighting
  8343 | D:8      | Reached skill level 5 in Dodging
  8522 | D:8      | Noticed a two-headed ogre
  8529 | D:8      | Noticed a gargoyle
  8809 | D:8      | Noticed Gastronok
  8846 | D:7      | Reached **** piety under Lugonu
  8898 | D:7      | Killed a two-headed ogre
  8898 | D:7      | Reached skill level 5 in Short Blades
  8898 | D:7      | Reached skill level 5 in Long Blades
  8898 | D:7      | Reached skill level 5 in Maces & Flails
  8898 | D:7      | Reached skill level 5 in Polearms
  8898 | D:7      | Reached skill level 5 in Staves
  8898 | D:7      | Reached skill level 5 in Slings
  8898 | D:7      | Reached skill level 5 in Bows
  8898 | D:7      | Reached skill level 5 in Crossbows
  8898 | D:7      | Reached skill level 5 in Throwing
  8898 | D:7      | Reached skill level 5 in Stealth
  8898 | D:7      | Reached skill level 5 in Shields
  8898 | D:7      | Reached skill level 5 in Unarmed Combat
  8898 | D:7      | Reached skill level 5 in Spellcasting
  8898 | D:7      | Reached skill level 5 in Evocations
  8898 | D:7      | Reached XP level 10. HP: 19/81 MP: 17/17
  9186 | D:8      | Killed Gastronok
  9468 | D:8      | Banished a gargoyle
  9949 | D:8      | Noticed Psyche
  9963 | D:8      | Killed Psyche
 10990 | D:9      | Found a shimmering altar of Xom.
 11003 | D:9      | Noticed Harold
 11142 | D:8      | Killed Harold
 11142 | D:8      | Reached XP level 11. HP: 32/87 MP: 19/19
 11501 | D:9      | Reached skill level 9 in Fighting
 11514 | D:9      | Reached skill level 5 in Conjurations
 11514 | D:9      | Reached skill level 5 in Hexes
 11514 | D:9      | Reached skill level 5 in Summonings
 11514 | D:9      | Reached skill level 5 in Necromancy
 11514 | D:9      | Reached skill level 5 in Translocations
 11514 | D:9      | Reached skill level 5 in Transmutations
 11514 | D:9      | Reached skill level 5 in Fire Magic
 11514 | D:9      | Reached skill level 5 in Ice Magic
 11514 | D:9      | Reached skill level 5 in Air Magic
 11514 | D:9      | Reached skill level 5 in Earth Magic
 11514 | D:9      | Reached skill level 5 in Poison Magic
 11858 | D:10     | Entered Level 10 of the Dungeon
 12079 | D:10     | Noticed Joseph
 12113 | D:10     | Killed Joseph
 12949 | D:10     | Found Ethim's Weapon Shop.
 13256 | D:10     | Bought the cursed +2 scimitar of Premature Burial {holy,
                  | rPois Str+4 Int+3} for 601 gold pieces
 13340 | D:11     | Found a frozen archway.
 13373 | IceCv    | Entered an ice cave
 13991 | IceCv    | Killed from afar by an ice statue

Illustrated notes

Levels and vault maps discovered:
D:1:      dpeg_arrival_rooms_c, layout_rooms, minmay_strange_pillars
D:2:      layout_loops_ring
D:3:      layout_basic, lemuel_crystal_altar, uniq_jessica
D:4:      layout_rooms, chequers_garden, minmay_misc_feat_roman
D:5:      layout_loops_cross, gammafunk_temple_overflow_claw
D:6:      layout_loops_ring
D:7:      layout_loops_cross, minmay_temple_entry_arrows, enter_ossuary_3
D:8:      layout_loops_ring, uniq_psyche, uniq_pikel, uniq_gastronok
D:9:      layout_roguey, basic_altar, uniq_harold
D:10:     layout_grid_maze, serial_shops, nicolae_shop_trees, uniq_joseph
D:11:     layout_big_octagon, due_lair_maze_entry_diamond, erik_orc_1,
          portal_ice_cave_rime, serial_column_ruins,
          column_ruins_columns_corner, column_ruins_open_medium,
          column_ruins_open_tiny, column_ruins_open_tiny,
          column_ruins_open_small, column_ruins_corridor_corner, st_stairs_5,
          lemuel_mausoleum_altar_yredelemnul, uniq_snorg
IceCv:    ice_cave_caverns_03

Skill      XL: |  1  2  3  4  5  6  7  8  9 10 11 |
---------------+----------------------------------+-----
Short Blades   | 1 2 3 5 6 |  6.4
Long Blades    | 1 2 3 5 6 |  6.4
Maces & Flails | 1 2 3 5 6 |  6.4
Polearms       | 1 2 3 5 6 |  6.4
Staves         | 1 2 3 5 6 |  6.4
Slings         | 1 2 3 5 6 |  6.4
Bows           | 1 2 3 5 6 |  6.4
Crossbows      | 1 2 3 5 6 |  6.4
Throwing       | 1 2 3 5 6 |  6.4
Stealth        | 1 2 3 5 6 |  6.4
Shields        | 1 2 3 5 6 |  6.4
Unarmed Combat | 1 2 3 5 6 |  6.4
Spellcasting   | 1 2 3 5 6 |  6.4
Evocations     | 1 2 3 5 6 |  6.4
Conjurations   | 1 2 3 4 5 |  5.3
Hexes          | 1 2 3 4 5 |  5.3
Summonings     | 1 2 3 4 5 |  5.3
Necromancy     | 1 2 3 4 5 |  5.3
Translocations | 1 2 3 4 5 |  5.3
Transmutations | 1 2 3 4 5 |  5.3
Fire Magic     | 1 2 3 4 5 |  5.3
Ice Magic      | 1 2 3 4 5 |  5.3
Air Magic      | 1 2 3 4 5 |  5.3
Earth Magic    | 1 2 3 4 5 |  5.3
Poison Magic   | 1 2 3 4 5 |  5.3
Dodging        | 3 4 5 6 7 |  7.0
Invocations    | 5 6 7 8 |  8.5
Axes           | 5 6 7 8 |  8.0
Armour         | 5 6 7 8 |  8.0
Fighting       | 7 8 9 |  9.2

Action                   |  1- 3 |  4- 6 |  7- 9 | 10-12 || total
-------------------------+-------+-------+-------+-------++-------
Melee: Hand axe          |    90 |   216 |   376 |   252 ||   934
       Bite              |     7 |    28 |    51 |    38 ||   124
       Punch             |       |     1 |     4 |     5 ||    10
       Unarmed           |       |       |       |    16 ||    16
Throw: Dart              |       |    10 |    13 |    48 ||    71
Invok: Depart the Abyss  |     1 |       |       |       ||     1
       Banish            |       |       |     1 |     2 ||     3
       Bend Space        |       |       |     1 |       ||     1
  Use: Scroll            |     3 |     9 |    16 |     6 ||    34
       Potion            |       |     5 |     1 |       ||     6
 Stab: Sleeping          |     2 |     1 |     3 |     4 ||    10
       Distracted        |       |       |     1 |       ||     1
Armor: Leather armour    |    35 |    14 |       |       ||    49
       Chain mail        |       |    31 |       |       ||    31
       Ring mail         |       |    31 |   188 |    93 ||   312
Dodge: Dodged            |    42 |   104 |   204 |   207 ||   557

Table legend: (Time is in decaauts)
 A = Elapsed time spent in this place.
 B = Non-inter-level travel time spent in this place.
 C = Inter-level travel time spent in this place.
 D = Time resting spent in this place.
 E = Time spent auto-exploring this place.
 F = Levels seen in this place.
 G = Mean time per level.
                   A        B        C        D        E       F      G
               +--------+--------+--------+--------+--------+-----+--------+
         Total |  13957 |  13647 |    310 |   3323 |   7862 |  14 |  996.9 |
       Dungeon |  12818 |  12508 |    310 |   2779 |   7510 |  11 | 1165.3 |
         Abyss |     93 |     93 |      0 |      0 |     90 |   1 |   93.0 |
       Ossuary |    432 |    432 |      0 |      0 |    242 |   1 |  432.0 |
      Ice Cave |    613 |    613 |      0 |    544 |     20 |   1 |  613.0 |
               +--------+--------+--------+--------+--------+-----+--------+

Top non-repeatable levels by time:
     D:8: 2112 daAuts
     D:5: 1989 daAuts
     D:7: 1661 daAuts
    D:10: 1439 daAuts
     D:6: 1209 daAuts
     D:3: 1102 daAuts
     D:4: 985 daAuts
     D:2: 835 daAuts
     D:9: 722 daAuts
     D:1: 692 daAuts
   IceCv: 613 daAuts
 Ossuary: 432 daAuts
 Abyss:1: 93 daAuts
    D:11: 67 daAuts
